Map: Romanticide LE

Players

Seither

  • Race: Terran Terran

Probe - Winner!

  • Race: Protoss Protoss

Event: DreamHack SC2 Masters 2021 Fall

VOD

Have the link to the VOD?

Description

Time

  • Played on: July 30, 2021, 4:29 a.m.
  • Length: 26:13

All games in this series

Show
View Real Time Build Order
Export as new Build Order

Seither Terran 

Build Orders: 1/1/1, Widow Mine Drop 

Get SALT Encoding   

  12  0:00  SCV  
  13  0:12  SCV  
  14  0:17  Supply Depot  
  14  0:24  SCV  
  14  0:27  Refinery  
  15  0:39  SCV  
  16  0:44  Barracks  
  16  0:51  SCV  
  17  1:03  SCV  
  18  1:15  SCV  
  19  1:32  Marine  
  20  1:33  Orbital Command, Factory  
  20  1:37  Refinery  
  20  1:42  Supply Depot  
  20  1:51  Barracks Reactor  
  20  1:59  SCV  
  21  2:11  SCV  
  22  2:20  Starport  
  22  2:23  SCV  
  22  2:28  Supply Depot  
  23  2:31  Widow Mine x2  
  23  2:33  Marine  
  23  2:35  SCV  
  29  2:48  SCV  
  30  2:51  Marine  
  30  2:55  Widow Mine  
  30  2:56  Widow Mine  
  30  2:58  Medivac  
  37  3:02  Supply Depot  
  37  3:05  SCV  
  37  3:09  Armory  
  38  3:13  Marine  
  39  3:23  SCV  
  39  3:24  Widow Mine x2  
  44  3:27  Supply Depot  
  44  3:37  Medivac  
  44  3:40  SCV  
  47  3:49  Widow Mine x2  
  47  3:52  Barracks Tech Lab  
  52  3:55  SCV  
  52  3:56  Supply Depot  
  52  4:08  Starport Tech Lab  
  52  4:10  SCV  
  53  4:22  SCV  
  54  4:33  Command Center  
  54  4:34  SCV  
  54  4:36  Raven  
  57  4:40  Supply Depot  
  57  4:43  Marine x2  
  57  4:46  SCV  
  58  4:58  SCV  
  58  4:59  Siege Tank  
  60  5:10  SCV  
  57  5:17  Marine x2  
  55  5:23  SCV  
  55  5:24  Command Center  
  56  5:31  Barracks  
  56  5:35  SCV  
  55  5:38  Bunker  
  55  5:47  SCV  
  56  5:54  Orbital Command  
  56  5:56  Siege Tank  
  56  5:57  Starport Tech Lab  
  59  5:59  SCV  
  60  6:11  SCV  
  59  6:12  Marine x2  
  59  6:17  Barracks  
  61  6:20  Marauder  
  61  6:23  SCV  
  61  6:24  SCV  
  61  6:25  Engineering Bay  
  65  6:26  Stimpack  
  65  6:32  Marine x2, Siege Tank  
  68  6:35  SCV  
  68  6:36  SCV  
  68  6:38  Refinery, Orbital Command  
  68  6:39  Refinery  
  72  6:43  Marauder, Starport Reactor  
  74  6:47  SCV  
  74  6:49  SCV  
  74  6:51  Terran Infantry Weapons Level 1  
  74  6:52  Supply Depot  
  76  6:56  Marine  
  76  6:57  Marine  
  78  7:01  SCV  
  78  7:02  SCV  
  78  7:04  Marauder  
  82  7:15  Marine x2, Siege Tank  
  85  7:20  SCV x2, Barracks  
  85  7:22  SCV, Barracks  
  90  7:28  Marauder x2  
  94  7:33  Medivac x2  
  94  7:34  Orbital Command  
  98  7:38  Supply Depot  
  98  7:39  Supply Depot  
  98  7:49  Marine x2, Marauder x2  
  104  7:53  SCV  
  104  7:54  SCV  
  106  8:02  Combat Shield  
  106  8:03  Siege Tank  
  109  8:07  Marine x2  
  109  8:11  Marauder  
  109  8:12  Barracks Reactor, Barracks Tech Lab  
  113  8:14  Supply Depot, SCV x3  
  113  8:17  Supply Depot  
  116  8:21  Refinery x2  
  116  8:26  Marine x2, SCV, Medivac x2  
  123  8:30  Concussive Shells  
  123  8:32  SCV x2  
  125  8:37  Supply Depot x2  
  125  8:38  SCV  
  125  8:41  Marauder x3  
  132  8:47  SCV, Siege Tank  
  132  8:48  SCV  
  137  8:50  SCV  
  137  8:55  Marine x2  
  138  8:56  Marine  
  138  8:58  Marine  
  142  9:04  Marauder x3  
  142  9:05  Terran Infantry Armor Level 1, Viking x2  
  151  9:12  Supply Depot, SCV x3  
  151  9:14  Supply Depot  
  154  9:18  Factory  
  147  9:28  Marine  
  147  9:29  Marine, Marauder x3  
  146  9:32  Siege Tank  
  147  9:43  Viking x2  
  147  9:45  SCV x2  
  153  9:47  Command Center  
  153  9:53  Marauder x2  
  153  9:54  Marauder  
  153  9:59  Marine x2  
  160  10:00  Marine  
  160  10:02  Supply Depot  
  162  10:07  Factory Tech Lab  
  162  10:13  SCV x3  
  165  10:14  Siege Tank  
  165  10:17  Ghost Academy  
  168  10:29  Marine x2, Marauder x3  
  168  10:31  Supply Depot  
  168  10:34  Supply Depot, Terran Vehicle Weapons Level 1  
  172  10:50  Missile Turret  
  172  10:51  Siege Tank  
  172  10:52  Siege Tank  
  172  10:55  Ghost  
  172  10:56  Ghost  
  170  11:07  Viking x2  
  170  11:08  Ghost  
  173  11:25  Marauder, Ghost  
  175  11:26  Marine x2, Siege Tank  
  182  11:36  Ghost  
  184  11:45  Marine x3  
  184  11:46  Ghost  
  189  11:53  Ghost  
  181  12:05  Ghost  
  181  12:06  Planetary Fortress  
  181  12:08  Marine x4  
  184  12:14  Medivac  
  184  12:15  Ghost  
  191  12:16  Barracks x3  
  191  12:22  Ghost  
  191  12:38  Marine x3, Marauder  
  189  12:44  Marauder  
  189  12:47  Marine  
  152  12:51  Marauder  
  152  12:54  Viking x2, Siege Tank x2  
  157  12:59  Marine  
  157  13:00  Marine, SCV x2, Marauder  
  162  13:05  Marauder  
  162  13:09  SCV x2  
  162  13:10  Sensor Tower  
  164  13:13  Marauder  
  164  13:16  Personal Cloaking  
  164  13:19  Barracks Reactor  
  162  13:37  Viking  
  162  13:38  Viking  
  166  13:42  SCV  
  166  13:43  SCV x3  
  166  13:44  Sensor Tower  
  166  13:45  Terran Infantry Weapons Level 2  
  166  13:47  Barracks Tech Lab  
  170  13:52  Barracks Tech Lab  
  170  13:56  SCV  
  170  13:57  SCV x2  
  170  13:58  SCV  
  174  14:03  Ghost x2  
  174  14:04  Marine x2  
  180  14:14  Missile Turret  
  180  14:16  Viking x2  
  183  14:20  Engineering Bay  
  182  14:26  Missile Turret  
  182  14:30  Missile Turret  
  182  14:49  Viking x2  
  182  14:52  Refinery, Command Center  
  185  14:57  Bunker  
  185  14:59  Bunker  
  185  15:00  Refinery  
  185  15:08  Ghost x2  
  185  15:11  Terran Ship Weapons Level 1  
  189  15:17  SCV x4  
  189  15:19  Viking x2  
  197  15:29  SCV  
  195  15:48  Ghost x3  
  193  15:50  Viking  
  193  15:51  Viking  
  197  16:14  Ghost  
  197  16:15  Bunker  
  197  16:16  Missile Turret  
  198  16:18  Missile Turret  
  198  16:20  Starport x2  
  198  16:22  Fusion Core  
  198  16:34  Planetary Fortress  
  197  16:55  Sensor Tower  
  197  16:56  Missile Turret  
  197  16:57  Terran Infantry Armor Level 2  
  197  16:58  Terran Infantry Weapons Level 3  
  197  16:59  Armory  
  197  17:01  Bunker  
  192  17:12  Viking x2  
  192  17:13  Starport Tech Lab x2  
  191  17:22  Command Center  
  191  17:23  Command Center  
  191  17:25  SCV x2  
  191  17:26  SCV x2  
  193  17:43  Terran Ship Weapons Level 2  
  188  17:45  Battlecruiser  
  188  17:46  Refinery  
  192  17:54  SCV x2  
  192  17:55  SCV x2  
  196  18:09  Viking, Missile Turret  
  196  18:10  Viking, Weapon Refit  
  196  18:12  Terran Vehicle And Ship Armor Level 1  
  198  18:28  Enhanced Shockwaves  
  192  18:37  Orbital Command x2  
  192  18:41  Command Center  
  192  18:45  Battlecruiser  
  192  18:46  SCV  
  192  18:47  SCV x2  
  196  19:07  Battlecruiser  
  199  19:13  Missile Turret  
  199  19:15  Bunker  
  199  19:17  Sensor Tower  
  199  19:24  Bunker  
  199  19:29  Refinery  
  199  19:37  Command Center  
  199  19:47  Nuke  
  199  19:52  Ghost Academy x2  
  193  20:15  Battlecruiser  
  185  20:39  Viking  
  185  20:40  Battlecruiser  
  190  20:54  Nuke x3  
  190  20:55  Ghost x2  
  190  20:56  Viking  
  196  21:06  Command Center  
  196  21:10  Command Center, Missile Turret  
  194  21:19  Battlecruiser  
  194  21:23  Sensor Tower  
  200  21:32  Planetary Fortress  
  200  21:34  Missile Turret  
  200  21:35  Command Center, Missile Turret  
  200  21:38  Terran Ship Weapons Level 3  
  200  21:52  Terran Vehicle And Ship Armor Level 2  
  200  21:54  Starport x2  
  194  22:24  Battlecruiser  
  191  22:32  Ghost x2  
  191  22:33  Starport Tech Lab  
  191  22:34  Starport Tech Lab  
  185  22:45  Battlecruiser, Ghost  
  185  22:49  Orbital Command  
  185  22:50  Orbital Command  
  185  22:51  Missile Turret  
  193  22:52  Refinery, Missile Turret  
  193  23:00  Refinery  
  193  23:02  Ghost  
  195  23:06  Hi-Sec Auto Tracking  
  195  23:09  Orbital Command  
  192  23:19  Marine x2  
  181  23:20  Viking x2  
  185  23:47  Viking x2  
  185  23:48  Battlecruiser  
  192  23:56  Orbital Command  
  192  24:00  Orbital Command  
  190  24:05  Ghost x2  
  166  24:20  SCV x5  
  165  24:48  Battlecruiser  
  159  25:06  Viking x3  
  151  25:17  Viking  
  153  25:24  Marine x4  
  153  25:25  Marine x4  
Show
View Real Time Build Order
Export as new Build Order

Probe Protoss - Winner!

Build Orders: 1 Gate Expand, Blink Stalkers 

Get SALT Encoding   

  12  0:00  Probe  
  13  0:12  Probe  
  14  0:17  Pylon  
  14  0:24  Probe (Chrono Boost)  
  15  0:36  Probe (Chrono Boost)  
  15  0:39  Gateway  
  16  0:44  Probe (Chrono Boost)  
  16  0:47  Assimilator  
  17  0:51  Probe  
  18  1:03  Probe  
  19  1:15  Probe  
  20  1:22  Nexus  
  20  1:34  Cybernetics Core  
  20  1:35  Probe  
  21  1:41  Assimilator  
  21  1:47  Probe  
  21  1:50  Pylon  
  22  1:59  Probe  
  23  2:07  Stalker (Chrono Boost), Probe  
  23  2:10  Warp Gate  
  26  2:15  Probe  
  27  2:26  Probe (Chrono Boost)  
  28  2:30  Stalker  
  28  2:35  Probe (Chrono Boost)  
  28  2:36  Twilight Council  
  33  2:44  Probe (Chrono Boost)  
  33  2:45  Probe (Chrono Boost)  
  33  2:51  Probe x2 (Chrono Boost)  
  35  2:58  Gateway  
  35  3:03  Probe x2  
  37  3:06  Blink (Chrono Boost)  
  37  3:15  Probe  
  37  3:18  Probe  
  38  3:20  Robotics Facility  
  38  3:27  Probe  
  38  3:29  Pylon  
  38  3:30  Probe  
  40  3:39  Probe  
  41  3:41  Shield Battery  
  41  3:42  Probe  
  42  3:51  Probe  
  42  3:53  Gateway  
  42  3:55  Probe  
  44  3:58  Stalker x2  
  44  4:01  Assimilator  
  48  4:03  Probe  
  48  4:07  Observer, Probe  
  48  4:08  Pylon  
  51  4:15  Probe  
  52  4:19  Probe  
  49  4:27  Probe  
  49  4:28  Observer  
  47  4:31  Stalker  
  47  4:32  Probe (Chrono Boost)  
  49  4:39  Probe (Chrono Boost)  
  51  4:49  Probe x2 (Chrono Boost)  
  52  4:54  Probe (Chrono Boost)  
  52  4:55  Probe  
  52  4:59  Nexus  
  53  5:06  Probe  
  45  5:07  Stalker, Probe  
  46  5:18  Probe (Chrono Boost)  
  46  5:19  Probe (Chrono Boost)  
  47  5:24  Pylon  
  49  5:28  Probe (Chrono Boost)  
  49  5:29  Probe (Chrono Boost)  
  49  5:33  Probe (Chrono Boost)  
  49  5:34  Probe (Chrono Boost)  
  50  5:38  Assimilator  
  50  5:41  Stalker x2  
  55  5:44  Probe  
  55  5:46  Probe  
  57  5:56  Probe (Chrono Boost)  
  57  5:57  Robotics Bay  
  57  5:59  Forge  
  57  6:03  Probe (Chrono Boost)  
  58  6:08  Probe (Chrono Boost)  
  60  6:12  Probe (Chrono Boost)  
  60  6:14  Probe (Chrono Boost)  
  60  6:18  Observer (Chrono Boost)  
  62  6:19  Probe  
  63  6:27  Shield Battery  
  63  6:28  Probe  
  63  6:30  Gateway  
  63  6:31  Probe  
  63  6:32  Gateway  
  65  6:34  Gateway  
  65  6:36  Probe  
  65  6:38  Sentry  
  68  6:40  Probe  
  68  6:41  Protoss Ground Weapons Level 1 (Chrono Boost)  
  68  6:44  Probe  
  70  6:48  Probe  
  70  6:49  Colossus (Chrono Boost)  
  70  6:54  Probe  
  78  6:56  Probe  
  78  6:57  Charge  
  78  7:01  Pylon, Probe  
  80  7:05  Observer  
  80  7:06  Probe  
  80  7:08  Probe  
  82  7:12  Extended Thermal Lance  
  82  7:13  Probe  
  82  7:14  Pylon  
  83  7:18  Probe  
  83  7:19  Photon Cannon  
  83  7:20  Probe  
  85  7:24  Shield Battery  
  85  7:28  Zealot  
  85  7:29  Zealot x2  
  91  7:32  Colossus (Chrono Boost)  
  91  7:35  Probe x2  
  91  7:36  Probe  
  100  7:43  Pylon, Observer, Photon Cannon  
  100  7:48  Assimilator, Probe  
  100  7:49  Assimilator  
  101  7:51  Pylon  
  101  7:54  Pylon  
  101  7:58  Shield Battery  
  101  8:06  Stalker x4  
  109  8:12  Stalker x2  
  109  8:14  Probe  
  112  8:22  Colossus (Chrono Boost)  
  112  8:23  Photon Cannon  
  112  8:24  Probe  
  112  8:25  Probe  
  120  8:30  Photon Cannon x2  
  120  8:32  Protoss Ground Armor Level 1 (Chrono Boost)  
  120  8:36  Forge  
  120  8:37  Probe x2  
  120  8:40  Pylon  
  122  8:42  Pylon  
  122  8:48  Zealot  
  122  8:53  Gateway  
  122  8:55  Gateway, Zealot  
  122  9:02  Zealot x4  
  132  9:12  Robotics Facility  
  132  9:21  Nexus  
  132  9:25  Stalker x4  
  132  9:28  Zealot  
  130  9:40  Zealot  
  132  9:48  Disruptor (Chrono Boost)  
  132  9:51  Protoss Ground Weapons Level 2 (Chrono Boost)  
  129  9:55  Sentry  
  129  9:56  Sentry, Zealot  
  129  9:57  Templar Archives, Zealot x2  
  139  10:05  Pylon  
  139  10:06  Pylon x2  
  139  10:09  Zealot  
  141  10:15  Pylon  
  141  10:19  Pylon  
  141  10:20  Pylon  
  138  10:22  Pylon  
  138  10:23  Pylon, Disruptor x2  
  144  10:30  Zealot  
  144  10:31  Zealot  
  144  10:35  High Templar x4  
  154  10:36  Zealot x2  
  154  10:44  Archon x2  
  148  10:55  Zealot  
  148  10:56  Zealot x3  
  156  10:59  Disruptor x2  
  149  11:11  Protoss Ground Armor Level 2 (Chrono Boost)  
  149  11:13  Zealot  
  149  11:14  Zealot x3  
  157  11:22  Zealot x4  
  160  11:34  Disruptor  
  160  11:37  Stalker x3  
  169  11:44  Observer  
  169  11:49  Zealot  
  169  11:50  Zealot x3  
  169  11:52  Nexus  
  165  12:00  High Templar  
  165  12:01  High Templar, Zealot x2  
  174  12:08  Probe x2  
  174  12:11  Archon  
  175  12:17  Zealot x4  
  181  12:24  Disruptor x2  
  187  12:35  Stalker x3  
  189  12:39  Dark Shrine  
  189  12:41  Pylon  
  189  12:42  Observer  
  177  12:59  Disruptor  
  177  13:00  Nexus  
  177  13:05  Zealot x5  
  186  13:16  Protoss Ground Weapons Level 3 (Chrono Boost)  
  186  13:18  Probe x2  
  188  13:21  Assimilator, Observer  
  188  13:22  Assimilator  
  188  13:27  Photon Cannon  
  188  13:28  Probe x2  
  188  13:34  Protoss Ground Armor Level 3 (Chrono Boost)  
  190  13:36  Disruptor  
  190  13:39  Probe x2  
  190  13:41  Probe x2  
  197  13:56  Probe x2  
  197  13:58  Stargate  
  197  14:01  Shield Battery  
  199  14:04  Shield Battery, Shadow Stride (Chrono Boost)  
  199  14:06  Photon Cannon  
  199  14:08  Probe  
  200  14:10  Assimilator  
  200  14:12  Assimilator  
  200  14:14  Pylon  
  200  14:18  Assimilator  
  200  14:31  Observer  
  200  14:48  Psionic Storm  
  200  14:54  Fleet Beacon  
  200  14:55  Stargate  
  200  15:03  Shield Battery, Photon Cannon  
  200  15:04  Shield Battery, Photon Cannon  
  200  15:06  Shield Battery  
  200  15:07  Photon Cannon  
  200  15:10  Photon Cannon, Stargate  
  200  15:12  Stargate  
  200  15:49  Tempest (Chrono Boost)  
  183  15:52  Tempest x2 (Chrono Boost), High Templar x2  
  183  15:53  Tempest (Chrono Boost), High Templar  
  198  15:59  High Templar  
  200  16:13  Observer  
  200  16:15  Nexus  
  200  16:16  Gateway  
  200  16:17  Gateway  
  200  16:19  Gateway  
  200  16:20  Gateway  
  200  16:21  Gateway  
  200  16:23  Gateway x2  
  198  16:29  Gateway  
  198  16:31  High Templar  
  200  16:34  Pylon  
  200  16:36  Pylon  
  200  16:37  Pylon  
  196  16:48  Protoss Air Weapons Level 1 (Chrono Boost)  
  196  16:49  Protoss Shields Level 1  
  196  16:50  Cybernetics Core  
  192  16:56  Photon Cannon, High Templar  
  192  16:57  Photon Cannon  
  192  16:58  High Templar x2  
  192  17:00  Photon Cannon  
  198  17:03  Shield Battery  
  198  17:04  Dark Templar  
  198  17:05  Shield Battery  
  198  17:06  Photon Cannon  
  186  17:11  Tempest x3  
  186  17:14  Archon  
  194  17:16  High Templar x3  
  200  17:48  Protoss Air Armor Level 1 (Chrono Boost)  
  198  17:53  Dark Templar  
  200  18:01  Assimilator x2  
  200  18:15  Unknown  
  191  18:46  Tempest  
  187  19:11  Dark Templar x4  
  187  19:12  Dark Templar x2  
  199  19:25  Protoss Air Weapons Level 2 (Chrono Boost)  
  199  19:31  Pylon  
  199  19:40  Nexus  
  199  19:42  Assimilator  
  199  19:43  Assimilator  
  199  19:44  Pylon  
  197  19:50  Zealot x5  
  197  19:52  Protoss Air Armor Level 2 (Chrono Boost)  
  190  20:24  Observer  
  190  20:25  Tempest  
  190  20:26  Tempest x3  
  196  20:32  Zealot x2  
  196  20:33  Zealot x4  
  188  21:14  Dark Templar x2  
  188  21:15  Dark Templar x4  
  200  21:23  Photon Cannon  
  200  21:24  Shield Battery, Photon Cannon  
  200  21:25  Shield Battery, Photon Cannon  
  200  21:26  Photon Cannon  
  200  21:28  Shield Battery x4  
  194  21:55  Protoss Air Weapons Level 3 (Chrono Boost)  
  194  22:00  Zealot x5  
  184  22:18  Zealot x3  
  184  22:21  Observer x2  
  180  22:35  Tempest  
  180  22:36  Tempest x2  
  181  22:43  Observer x2  
  175  22:49  Pylon  
  175  22:52  Dark Templar x8  
  175  22:55  Zealot x4  
  177  23:22  Zealot x8  
  189  23:35  High Templar  
  189  23:36  Zealot  
  189  23:37  Zealot x3  
  159  24:22  Zealot x7  
  159  24:23  Dark Templar x6  
  159  24:24  Dark Templar x3  
  189  24:29  Pylon  
  187  24:58  Tempest x3  
  187  24:59  Tempest  
  161  25:14  Dark Templar  
  161  25:15  Dark Templar x2, Zealot x12  
  161  25:21  Probe x5  
  191  25:36  Probe  
  191  25:37  Probe  
  186  25:43  Probe x2  

Tags
 
Add a new tag
Caveats
  • Supply blocks, unpowered buildings, or Contaminate may cause inaccurate times.
  • Supply counts are checked every 10 seconds.